 Dungeon Crawl Stone Soup version 0.30.0-5-g1a98f26d00 (webtiles) character file.

Game seed: 12370954129163326900

76 SnakkuSnakku7 the Sneak (level 4, -6/33 HPs)
             Began as a Vampire Hedge Wizard on May 12, 2023.
             Killed by divine providence
             ... invoked by an orc priest
              (12 damage)
             ... on level 3 of the Dungeon.
             The game lasted 00:02:55 (1565 turns).

SnakkuSnakku7 the Sneak (Vampire Hedge Wizard)      Turns: 1565, Time: 00:02:57

Health: -6/33      AC:  3    Str: 11    XL:     4   Next: 12%
Magic:  8/8        EV: 12    Int: 16    God:
Gold:   100        SH:  0    Dex: 13    Spells: 8/9 levels left

rFire   . .          .
                       - Unarmed
rCold   . . .        (no shield)
rNeg    . . .        b - +0 robe
rPois   .            l - +0 helmet
rElec   .            (no cloak)
rCorr   .            (no gloves)
SInv    +            (no boots)
Will    .....        (no amulet)
Stlth   ++           (no ring)
HPRegen 0.45/turn    (no ring)
MPRegen 0.11/turn

%: no passive effects
@: flying, healing quickly
A: alive, fangs 3, see invisible, vampiric 2
a: Exsanguinate


You were on level 3 of the Dungeon.
You visited 1 branch of the dungeon, and saw 3 of its levels.

You collected 100 gold pieces.

Inventory:

Hand Weapons
 a - a +0 dagger
Missiles
 n - 6 poisoned darts
Armour
 b - a +0 robe (worn)
 c - a +0 hat
 l - a +0 helmet (worn)
Scrolls
 e - a scroll of vulnerability
 h - a scroll of magic mapping {unknown}
 k - a scroll of immolation
 m - a scroll of silence {unknown}
Potions
 d - a potion of magic
 o - a potion of might {unknown}


   Skills:
 - Level 2.1 Fighting
 + Level 0.4 Throwing
 - Level 2.1 Dodging
 - Level 3.0 Stealth
 + Level 2.8 Unarmed Combat
 - Level 3.0 Spellcasting
 - Level 0.6 Conjurations
 - Level 1.0 Summonings
 - Level 0.7 Translocations


You had 8 spell levels left.
You knew the following spells:

 Your Spells              Type           Power      Damage    Failure   Level
a - Magic Dart            Conj           16%        1d3       14%         1

Your spell library contained the following spells:

 Spells                   Type           Power      Damage    Failure   Level
 Slow                     Hex            8%         N/A       19%         1
 Call Imp                 Summ           10%        N/A       19%         2
 Blink                    Tloc           8%         N/A       22%         2
 Cigotuvi's Dreadful Rot  Necr/Pois/Air  4%         N/A       28%         2
 Mephitic Cloud           Conj/Pois/Air  3%         N/A       45%         3


Dungeon Overview and Level Annotations

Branches:
Dungeon (3/15)

Altars:

Annotations:
D:2 Sigmund


Innate Abilities, Weirdness & Mutations

Your natural rate of healing is accelerated.
You have razor-sharp teeth.
You have supernaturally acute eyesight. (SInv)
You are afflicted with vampirism and can become a bat while bloodless.


Message History

The creatures around you are filled with an inner flame!
It was a scroll of immolation.
The orc hits you with a +0 whip. The orc closely misses you.
Okay, then.
You feel better. The orc barely misses you. The orc hits you with a +0 whip.
The orc completely misses you.
The orc priest begins to cast a cantrip, but forgets the words!
It was a potion of flight.
You feel very buoyant.
You fly up into the air.
The orc closely misses you. The orc hits you but does no damage.
The orc hits you with a +0 dagger.
It was a potion of lignification.
You turn into a tree.
Your +0 helmet melds into your body.
Your +0 robe melds into your body.
Your roots penetrate the ground.
The orc hits you with a +0 whip.
* * * LOW HITPOINT WARNING * * *
The orc hits you with a +0 morningstar.
* * * LOW HITPOINT WARNING * * *
The orc completely misses you.
You feel better. The orc hits you with a +0 morningstar.
The orc hits you with a +0 whip.
* * * LOW HITPOINT WARNING * * *
The orc hits you but does no damage.
It was a potion of cancellation.
Your magical effects are unravelling.
You feel magically purged.
You feel less wooden.
Your +0 helmet unmelds from your body.
Your +0 robe unmelds from your body.
You feel your willpower return. The orc misses you. The orc barely misses you.
The orc hits you with a +0 dagger.
* * * LOW HITPOINT WARNING * * *
Unknown command.
You feel very buoyant.
You fly up into the air.
The orc misses you. The orc hits you with a +0 whip.
* * * LOW HITPOINT WARNING * * *
The orc hits you with a +0 dagger.
* * * LOW HITPOINT WARNING * * *
The orc priest mumbles some strange prayers to Beogh against you.
Beogh smites you!
You die...

#.####### #.# #.#
#.......###.# #.#
.#.##.......# ###.#####
#...#.##..###....†).#
#.#............#####.# #.
##.#.....###.# #.#####
#.###.#....## #.# #.....#
##..........# #o# #o###.#
..####......# #@#####o#
#.######...## #oor....# ....#
#...# #oo.....## ..#.# #...#
#........#
#.#.####...#####.##.#...#
..................#.....#
..).................#......
#.)...............#.#...##...
....###....#.###... ....# ..


You could see an orc priest (inner flame, weak-willed), 4 orcs and a rat (inner
flame, weak-willed).

Vanquished Creatures
  2 adders
  A worm (D:2)
  4 dart slugs
  2 orcs (D:3)
  3 endoplasms
  A giant cockroach (D:2)
  2 goblins
  5 hobgoblins
  2 jackals (D:1)
  2 kobolds
  2 quokkas (D:3)
  6 ball pythons
  7 bats
  3 frilled lizards
  2 rats
44 creatures vanquished.

Notes
Turn   | Place    | Note
-------+----------+-------------------------------------------
     0 | D:1      | SnakkuSnakku7 the Vampire Hedge Wizard began the quest for
                  | the Orb.
     0 | D:1      | Reached XP level 1. HP: 13/13 MP: 4/4
   209 | D:1      | Reached skill level 1 in Fighting
   209 | D:1      | Reached skill level 1 in Unarmed Combat
   209 | D:1      | Reached XP level 2. HP: 21/21 MP: 6/6
   370 | D:1      | You fall into a shaft and drop 1 floor!
   821 | D:2      | Gained mutation: You are afflicted with vampirism and can
                  | become a bat while bloodless. [Vampire growth]
   821 | D:2      | Reached XP level 3. HP: 18/26 MP: 7/7
  1113 | D:2      | Noticed Sigmund
  1448 | D:3      | Reached XP level 4. HP: 33/33 MP: 1/8
  1565 | D:3      | Killed from afar by an orc priest

Illustrated notes

Levels and vault maps discovered:
D:1:      psy_arrival_whirlpool, layout_basic
D:2:      layout_loops_cross, chequers_arboretum, uniq_sigmund,
          uniq_crazy_yiuf_cottage
D:3:      layout_loops_cross, mainiacjoe_overflow_boulevard

Skill      XL: |  1  2  3 |
---------------+----------+-----
Fighting       | 1 2 |  2.1
Unarmed Combat | 1 2 |  2.8
Throwing       | |  0.4
Dodging        | |  2.1
Stealth        | |  3.0
Spellcasting   | |  3.0
Conjurations   | |  0.6
Summonings     | |  1.0
Translocations | |  0.7

Action                     |  1- 3 |  4- 6 || total
---------------------------+-------+-------++-------
  Melee: Dagger            |    72 |       ||    72
         Bite              |    18 |     4 ||    22
         Punch             |     4 |     2 ||     6
         Unarmed           |    74 |    40 ||   114
   Cast: Magic Dart        |     6 |       ||     6
    Use: Potion            |       |     7 ||     7
         Scroll            |       |     2 ||     2
   Stab: Sleeping          |     5 |     1 ||     6
 Armour: Robe              |    21 |     9 ||    30
         Skin              |       |     1 ||     1
  Dodge: Dodged            |    88 |    44 ||   132
